 Dungeon Crawl Stone Soup version 0.29.0-4-gdea44cf6ec (webtiles) character file.

Game seed: 3759102671176207826

6 qw the Sneak (level 1, 0/14 HPs)
             Began as a Gargoyle Delver on Sept 10, 2022.
             Slain by an orc wizard
             ... wielding a +0 dagger
              (1 damage)
             ... on level 4 of the Dungeon.
             The game lasted 00:00:09 (674 turns).

qw the Sneak (Gargoyle Delver)                       Turns: 674, Time: 00:00:09

Health: 0/14       AC:  5    Str: 15    XL:     1   Next: 90%
Magic:  1/1        EV: 11    Int: 10    God:
Gold:   34         SH:  0    Dex: 11    Spells: 0/0 levels left

rFire   . . .      SeeInvis .   Y - +0 hand axe
rCold   . . .      Faith    .   (no shield)
rNeg    + . .      Spirit   .   b - +0 leather armour
rPois   inf        Reflect  .   (no helmet)
rElec   +          Harm     .   (no cloak)
rCorr   .          Rampage  .   (no gloves)
Will    .....                   (no boots)
Stlth   +++.......              (no amulet)
HPRegen 0.04/turn               (no ring)
MPRegen 0.07/turn               (no ring)

@: no status effects
A: sickness immunity, AC +2, negative energy resistance 1, electricity
resistance, torment resistance 1, petrification resistance
a: no special abilities


You were on level 4 of the Dungeon.
You visited 2 branches of the dungeon, and saw 3 of its levels.

You collected 34 gold pieces.


Innate Abilities, Weirdness & Mutations

You are immune to sickness and miasma.
Your stone body is resilient. (AC +2)
You are immune to poison.
You resist negative energy. (rN+)
You are resistant to electric shocks. (rElec)
You are resistant to unholy torment.
You are immune to petrification.


   Skills:
 - Level 3.2 Fighting
 + Level 2.3 Axes
 - Level 1.5 Dodging
 - Level 5.4 Stealth


You couldn't memorise any spells.
You didn't know any spells.
Your spell library was empty.

Inventory:

Hand Weapons
 j - a +0 flail
 Y - a +0 hand axe (weapon)
Armour
 b - a +0 leather armour (worn)
Wands
 g - a wand of digging (3)
Potions
 f - a potion of haste

Dungeon Overview and Level Annotations

Branches:
Dungeon (5/15)             Temple (1/1) D:4

Altars:
Ashenzari
Dithmenos
Fedhas
Gozag
Nemelex Xobeh
Qazlal
Sif Muna
Trog
Uskayaw
Vehumet
Xom
Yredelemnul
Zin


Message History

Found an escape hatch in the ceiling.
An orc wizard and an orc come into view.
The orc is wielding a +0 vorpal hand axe.
543 ||| Stepping ~*~*~tactically~*~*~ (hiding).
You start waiting.
Done waiting.
The orc wizard shouts!
You hear a shout!
You hear a bark!
645 ||| Stepping ~*~*~tactically~*~*~ (hiding).
You start waiting.
An orc is nearby!
You closely miss the orc. The orc barely misses you.
You barely miss the orc.
The orc hits you with a +0 vorpal hand axe.
You closely miss the orc.
The orc hits you with a +0 vorpal hand axe.
The orc wizard mumbles some strange words.
The orc wizard flickers and vanishes!
Deactivating autopickup; reactivate with Ctrl-A.
The orc closely misses you.
You hit the orc.
The orc is heavily wounded.
The orc barely misses you.
You closely miss the orc.
The orc is heavily wounded.
The orc hits you but does no damage.
You hit the orc but do no damage.
The orc is heavily wounded.
The orc hits you but does no damage.
You hit the orc.
The orc is severely wounded.
The orc closely misses you.
You hit the orc.
You kill the orc!
Something hits you but does no damage.
You hit something. Something hits you.
You miss something. Something hits you.
You die...

#.............'..>.7
#.....#######.#7...7
#...>.# #.##777#
#############.#
...##.# ####.##.#
#.......#
....<##.####
..#####@# .......{#
.#######.....oo
.###### .# .# .# .#
.#


There were no monsters in sight!

Vanquished Creatures
  An orc (D:4)
  3 jackals (D:5)
4 creatures vanquished.

Notes
Turn   | Place    | Note
-------+----------+-------------------------------------------
     0 | D:5      | qw the Gargoyle Delver began the quest for the Orb.
     0 | D:5      | Reached XP level 1. HP: 14/14 MP: 1/1
     0 | D:5      | 0 ||| qw: Version: 0.1-a-116-g5d60599
     0 | D:5      | 0 ||| qw: Game counter: 8057
     0 | D:5      | 0 ||| qw: Always use a shield: true
     0 | D:5      | 0 ||| qw: God list: Okawaru
     0 | D:5      | 0 ||| qw: Allow faded altars: false
     0 | D:5      | 0 ||| qw: Do Orc after D:15 true
     0 | D:5      | 0 ||| qw: Do second Lair branch before Depths: true
     0 | D:5      | 0 ||| qw: Lair rune preference: random
     0 | D:5      | 0 ||| qw: Plans: Normal
     0 | D:5      | 0 ||| PLANNING D:1-11
   208 | D:5      | 208 ||| DROPPING orb of light.
   209 | D:5      | 209 ||| READING scroll labelled WYLECL BYNTUI.
   210 | D:5      | 210 ||| READING scroll labelled LEATSIR GOGHERGH.
   211 | D:5      | 211 ||| DROPPING scroll of fog.
   212 | D:5      | 212 ||| DROPPING scroll of magic mapping.
   213 | D:5      | 213 ||| DROPPING scroll of fear.
   236 | D:4      | Found a staircase to the Ecumenical Temple.
   237 | D:4      | 237 ||| PLANNING TEMPLE
   242 | Temple   | Entered the Ecumenical Temple
   511 | Temple   | 511 ||| PLANNING D:1-11
   542 | D:4      | Noticed an orc wizard
   543 | D:4      | 543 ||| Stepping ~*~*~tactically~*~*~ (hiding).
   645 | D:4      | 645 ||| Stepping ~*~*~tactically~*~*~ (hiding).
   667 | D:4      | HP: 3/14 [orc/+0 vorpal hand axe (4)]
   673 | D:4      | HP: 1/14 [something (2)]
   674 | D:4      | Slain by an orc wizard

Levels and vault maps discovered:
D:4:      layout_loops_cross, minmay_temple_entry_enclosed_plants,
          minmay_ruined_shrine, uniq_ijyb
D:5:      layout_basic, minmay_bent
Temple:   compressed_dpeg_triangle_lava_temple

Skill      XL: |  1 |
---------------+----+-----
Axes           | 2 |  2.3
Fighting       | |  3.2
Dodging        | |  1.5
Stealth        | |  5.4

Action                   || total
-------------------------++-------
Melee: Hand axe          ||    22
  Use: Scroll            ||     2
Armor: Leather armour    ||     8
Dodge: Dodged            ||    10

Table legend:
 A = Non-vault XP
 B = Vault XP
 C = Vault XP percentage of total XP
 D = Non-vault monster count
 E = Vault monster count
 F = Vault count percentage of total count
                 A         B        C        D         E       F
            +---------+---------+-------+---------+---------+-------
      Total |       9 |       0 |   0.0 |       4 |       0 |   0.0
            +---------+---------+-------+---------+---------+-------
        D:4 |       3 |       0 |   0.0 |       1 |       0 |   0.0
        D:5 |       6 |       0 |   0.0 |       3 |       0 |   0.0
            +---------+---------+-------+---------+---------+-------
